 Dungeon Crawl Stone Soup version 0.22-a0-348-gd16d139 (webtiles) character file.

77748 JeffiDaFish the Earth Mage (level 15, -26/88 HPs)
             Began as a Gargoyle Earth Elementalist on Apr 11, 2018.
             Was a High Priest of Vehumet.
             Annihilated by an enormous slime creature (61 damage)
             ... on level 13 of the Dungeon.
             The game lasted 01:50:10 (30773 turns).

JeffiDaFish the Earth Mage (GrEE)                  Turns: 30773, Time: 01:50:10

Health: -26/88     AC: 23    Str: 11    XL:     15   Next: 57%
Magic:  37/37      EV: 12    Int: 23    God:    Vehumet [*****.]
Gold:   1405       SH:  0    Dex: 10    Spells: 18/44 levels left

rFire    + . .     SeeInvis .   a - +5 dagger (drain)
rCold    + . .     Gourm    .   (no shield)
rNeg     + . .     Faith    .   w - +2 robe {rF+}
rPois    ∞         Spirit   .   v - +2 helmet
rElec    +         Reflect  .   (no cloak)
rCorr    .         Harm     .   (no gloves)
MR       +....                  y - +2 pair of boots
Stlth    ++........             (no amulet)
HPRegen  0.24/turn              g - ring of protection from cold
MPRegen  0.25/turn              E - +2 ring of protection

@: flying
A: big wings, deterioration 1, high mp 1, negative energy resistance 1,
screaming 1, electricity resistance, unbreathing, petrification resistance, rot
immunity, AC +11
a: Stop Flying, Renounce Religion


You were on level 13 of the Dungeon.
You worshipped Vehumet.
Vehumet was extremely pleased with you.
You were not hungry.

You visited 2 branches of the dungeon, and saw 19 of its levels.
You also visited: Ossuary and Ice Cave.

You collected 1594 gold pieces.
You spent 189 gold pieces at shops.

Inventory:

Hand Weapons
 a - a +5 dagger of draining (weapon)
 B - a +2 flail of holy wrath
Missiles
 b - 110 stones (quivered)
Armour
 v - a +2 helmet (worn)
 w - a +2 robe of fire resistance (worn)
 y - a +2 pair of boots (worn)
Jewellery
 g - a ring of protection from cold (left hand)
 E - a +2 ring of protection (right hand)
 I - an uncursed ring of protection from cold
Wands
 C - a wand of disintegration (44)
 F - a wand of digging (16)
 J - a wand of clouds (8)
Scrolls
 e - 13 scrolls of identify
 h - 12 scrolls of teleportation
 m - 7 scrolls of magic mapping
 o - 5 scrolls of amnesia
 u - 6 scrolls of remove curse
 A - 2 scrolls of fog
 L - 2 scrolls of blinking
 M - 2 scrolls of enchant armour
Potions
 c - 2 potions of ambrosia
 f - 9 potions of curing
 k - 2 potions of invisibility
 l - 4 potions of haste
 p - 7 potions of brilliance
 q - 2 potions of cancellation
 r - 2 potions of berserk rage
 s - 2 potions of heal wounds
 x - 2 potions of mutation
Comestibles
 d - 34 rations


   Skills:
 - Level 8.1 Fighting
 - Level 1.5 Dodging
 - Level 2.1 Stealth
 * Level 15.1 Spellcasting
 - Level 12.0 Conjurations
   Level 0.7 Transmutations
 * Level 18.9 Earth Magic


You had 18 spell levels left.
You knew the following spells:

 Your Spells              Type           Power        Failure   Level  Hunger
a - Sandblast             Erth           ######       0%          1    None
b - Stone Arrow           Conj/Erth      ######       0%          3    None
c - Lee's Rapid Deconstr  Erth           #######...   1%          5    ##.....
d - Bolt of Magma         Conj/Fire/Erth ######....   1%          5    ##.....
e - Bolt of Fire          Conj/Fire      #####.....   11%         6    #####..
f - Iron Shot             Conj/Erth      ######....   1%          6    #####..


Dungeon Overview and Level Annotations

Branches:
Dungeon (13/15)            Temple (0/1) D:7            Lair (6/6) D:11
  Swamp (0/4) Lair:4        Snake (0/4) Lair:2        Slime (0/5) Lair:6
    Orc (0/2) D:12
 Vaults: D:13-14

Altars:
Ashenzari
Cheibriados
Elyvilon
Hepliaklqana
Kikubaaqudgha
Nemelex Xobeh
Qazlal
Sif Muna
Vehumet
Wu Jian
Xom
The Shining One

Shops:
D:4 }   D:9 ?%

Annotations:
D:13 1 exclusion
Lair:1 exclusion: 4 oklob plants
Lair:6 exclusion: 2 oklob plants


Innate Abilities, Weirdness & Mutations

You are resistant to torment.
Your stone body is resilient. (AC +11)
You are immune to poison.
Your large and strong wings let you fly indefinitely.
You resist negative energy. (rN+)
You are resistant to electric shocks. (rElec)
You can survive without breathing.
You are immune to petrification.
You are immune to rotting.
Your body sometimes deteriorates upon taking damage.
You have an increased reservoir of magic. (+10% MP)
You occasionally shout uncontrollably at your foes.


Message History

You don't have enough magic to cast that spell.
You fly upwards.
There is a stone staircase leading down here.
You start resting.
Magic restored.
You start resting.
HP restored.
You fly downwards.
Level annotation: 1 exclusion The enormous slime creature hits you!!!
Ouch! That really hurt!
There is a stone staircase leading up here.
There is an open door here.
There is an open door here.
There is an open door here.
There is an open door here.
There is an escape hatch in the ceiling here.
The enormous slime creature hits you!!!
Ouch! That really hurt!
You die...

######### #.# #.## ....[...# #.#
##.## ........# ####'#####
###.... ........### #........#
##...... ........'.##
#....../.###..#....
........#..####........##..##....
........##....'(.......'..###..J.
'##############........#### #....
.# #.@J.....# ##### .##
#........# ## ..#### #####'####
###. #....# #....# #...
####'###### #.#### ####'##
#.........######'#### #......
#..<......##........# ###......
#.........##........#####.'......
+...................#.....#......


You could see an enormous slime creature.

Vanquished Creatures
  Kirke (D:13)
  A frost giant (IceCv)
  A fire dragon (Lair:6)
  Harold (Lair:2)
  10 hydras
  2 centaur warriors (D:13)
  A catoblepas (Lair:5)
  An ogre mage (D:12)
  Erica (D:8)
  6 death yaks
  8 two-headed ogres
  A death knight (D:12)
  Sonja (D:11)
  2 skeletal warriors (D:12)
  An unseen horror (D:10)
  The ghost of necromuncher the Quickloader, a novice TeHu of Okawaru (D:7)
  A swamp dragon (Lair:6)
  An ugly thing (D:11)
  A manticore (D:11)
  7 elephants
  3 black mambas
  An ice statue (IceCv)
  8 spiny frogs
  A centaur skeleton (D:10)
  4 rime drakes
  2 kobold demonologists
  A redback zombie (D:13)
  A freezing wraith (D:12)
  7 komodo dragons
  3 trolls (D:11)
  A hornet (D:11)
  28 polar bears
  2 raiju (Lair:6)
  A slime creature (D:13)
  10 hippogriffs
  9 blink frogs
  3 wyverns
  65 yaks
  A wraith (D:11)
  Grum (D:8)
  3 basilisks
  3 steam dragons (Lair:6)
  A hog (D:13)
  A hungry ghost (D:13)
  6 wargs (Lair:6)
  An acid dragon (Lair:6)
  6 nagas (Lair:2)
  15 water moccasins
  9 porcupines
  13 hell hounds (Lair:6)
  6 orc warriors
  11 ice beasts
  2 phantoms
  13 black bears
  4 sky beasts
  8 ogres
  39 wolves
  12 centaurs
  14 crocodiles
  2 big kobolds
  An elf zombie (Ossuary)
  15 bullfrogs
  A gnoll sergeant (D:6)
  4 scorpions
  8 killer bees
  5 wights (D:12)
  5 howler monkeys
  2 electric eels (Lair:1)
  3 centaur zombies (Ossuary)
  6 crimson imps
  A bullfrog zombie (D:6)
  4 hounds
  A human zombie (Ossuary)
  A gnoll shaman (D:5)
  5 bullfrog skeletons
  7 orc priests
  11 orc wizards
  5 iguanas
  8 worker ants
  A big kobold zombie (Ossuary)
  A bullfrog simulacrum (D:12)
  2 ogre zombies (Ossuary)
  A hound skeleton (D:9)
  7 mummies (Ossuary)
  A worker ant zombie (D:5)
  8 gnolls
  15 adders
  4 shadow imps
  An ufetubus (D:12)
  An ooze (D:3)
  5 adder zombies
  4 worms
  A dart slug (D:2)
  5 leopard geckos
  67 orcs
  A ball python (D:3)
  9 bats
  4 giant cockroaches
  14 hobgoblins
  11 jackals
  7 quokkas
  5 frilled lizards
  7 goblins
  3 goblin zombies (Ossuary)
  5 hobgoblin zombies (Ossuary)
  15 kobolds
  4 kobold zombies (Ossuary)
  2 leopard gecko zombies
  An orc zombie (Ossuary)
  2 quokka zombies (Ossuary)
  5 rats
  4 rat zombies (Ossuary)
  A butterfly (Lair:2)
  2 fungi (Lair:4)
  3 plants
692 creatures vanquished.

Vanquished Creatures (others)
  5 humans (D:13)
  A killer bee (D:13)
  A worker ant (D:13)
  An orc (D:13)
  A bush (Lair:5)
  11 fungi
  23 plants
43 creatures vanquished.

Grand Total: 735 creatures vanquished

Notes
Turn   | Place    | Note
-------+----------+-------------------------------------------
     0 | D:1      | JeffiDaFish the Gargoyle Earth Elementalist began the quest for the Orb.
     0 | D:1      | Reached XP level 1. HP: 10/10 MP: 3/3
   232 | D:1      | Reached XP level 2. HP: 15/15 MP: 3/5
   258 | D:1      | Reached skill level 4 in Earth Magic
  1252 | D:2      | Reached XP level 3. HP: 19/19 MP: 4/7
  1338 | D:2      | Found a faded altar of an unknown god.
  1703 | D:2      | Found a sparkling altar of Nemelex Xobeh.
  1783 | D:2      | Learned a level 3 spell: Stone Arrow
  1809 | D:2      | Reached XP level 4. HP: 24/24 MP: 4/8
  2095 | D:2      | Found an ancient bone altar of Kikubaaqudgha.
  2099 | D:2      | Found a shimmering altar of Xom.
  2392 | D:2      | Reached skill level 5 in Earth Magic
  2946 | D:3      | Found a hazy altar of Hepliaklqana.
  2963 | D:3      | Found a transporter.
  2966 | D:3      | Found a transporter.
  2966 | D:3      | Found a radiant altar of Vehumet.
  3126 | D:3      | Found a white marble altar of Elyvilon.
  3275 | D:2      | Reached XP level 5. HP: 10/28 MP: 5/10
  3592 | D:3      | Reached skill level 6 in Earth Magic
  3661 | D:3      | Reached XP level 6. HP: 32/32 MP: 9/12
  4799 | D:3      | Became a worshipper of Vehumet
  5430 | D:4      | Found Usisedac's Gadget Shop.
  5488 | D:5      | Entered Level 5 of the Dungeon
  5828 | D:5      | Learned a level 5 spell: Lee's Rapid Deconstruction
  5890 | D:5      | Reached XP level 7. HP: 36/36 MP: 3/14
  5898 | D:5      | Reached skill level 7 in Earth Magic
  5964 | D:5      | Reached skill level 5 in Spellcasting
  6094 | D:5      | Reached skill level 1 in Conjurations
  6609 | D:6      | Reached * piety under Vehumet
  6609 | D:6      | Offered knowledge of Shock by Vehumet.
  6667 | D:6      | Reached skill level 8 in Earth Magic
  6668 | D:6      | Reached XP level 8. HP: 24/41 MP: 3/16
  7339 | D:6      | Found a shattered altar of Ashenzari.
  7414 | D:6      | Reached skill level 9 in Earth Magic
  8028 | D:7      | Gained mutation: Your body sometimes deteriorates upon taking damage. [potion of mutation]
  8028 | D:7      | Gained mutation: You occasionally shout uncontrollably at your foes. [potion of mutation]
  8028 | D:7      | Gained mutation: You have an increased reservoir of magic. (+10% MP) [potion of mutation]
  8098 | D:7      | Found a staircase to the Ecumenical Temple.
  8157 | D:7      | Reached XP level 9. HP: 45/45 MP: 15/21
  8266 | D:7      | Got a creamy pearl robe
  8272 | D:7      | Identified the +2 robe of Free Will {-Cast rCorr Str+4 Int+4} (You found it on level 7 of the Dungeon)
  8281 | D:7      | Found a sand-covered staircase.
  8285 | Ossuary  | Entered an ossuary
  8713 | Ossuary  | Reached ** piety under Vehumet
  8713 | Ossuary  | Offered knowledge of Freeze by Vehumet.
  8994 | Ossuary  | Reached skill level 10 in Earth Magic
  9576 | D:7      | Noticed necromuncher's ghost (novice TeHu)
  9659 | D:7      | Killed necromuncher's ghost
  9659 | D:7      | Reached skill level 5 in Conjurations
  9834 | D:8      | Offered knowledge of Static Discharge by Vehumet.
  9952 | D:8      | Found a glowing golden altar of the Shining One.
  9999 | D:8      | Noticed Grum
 10008 | D:8      | Reached skill level 11 in Earth Magic
 10009 | D:8      | Killed Grum
 10009 | D:8      | Reached XP level 10. HP: 40/50 MP: 14/24
 10323 | D:8      | Found a stormy altar of Qazlal.
 10380 | D:8      | Noticed Erica
 10387 | D:8      | Killed Erica
 10492 | D:9      | Reached *** piety under Vehumet
 10532 | D:9      | Found Gesytag's Food Shoppe.
 10559 | D:9      | Reached skill level 12 in Earth Magic
 11083 | D:9      | Found a deep blue altar of Sif Muna.
 11119 | D:9      | Noticed a two-headed ogre
 11122 | D:9      | Killed a two-headed ogre
 11160 | D:9      | Noticed a two-headed ogre
 11166 | D:9      | Killed a two-headed ogre
 11166 | D:9      | Reached skill level 10 in Spellcasting
 11166 | D:9      | Reached XP level 11. HP: 31/54 MP: 20/27
 11229 | D:9      | Offered knowledge of Airstrike by Vehumet.
 11489 | D:9      | Found Covvotiu's Magic Scroll Shop.
 11492 | D:9      | Bought a scroll of teleportation for 42 gold pieces
 11492 | D:9      | Bought a scroll of enchant armour for 105 gold pieces
 11492 | D:9      | Bought a scroll of teleportation for 42 gold pieces
 11581 | D:10     | Entered Level 10 of the Dungeon
 11622 | D:10     | Reached skill level 13 in Earth Magic
 12154 | D:10     | Identified Sif Muna's Compendium of Flames and Boosts
 12162 | D:10     | Learned a level 5 spell: Bolt of Magma
 12193 | D:10     | Reached **** piety under Vehumet
 12758 | D:10     | Killed an unseen horror
 13154 | D:11     | Noticed a two-headed ogre
 13162 | D:11     | Killed a two-headed ogre
 13165 | D:11     | Noticed a manticore
 13173 | D:11     | Killed a manticore
 13289 | D:11     | Offered knowledge of Inner Flame by Vehumet.
 13332 | D:11     | Noticed a cyan ugly thing
 13360 | D:11     | Killed a cyan ugly thing
 13704 | D:11     | Reached skill level 14 in Earth Magic
 13719 | D:11     | Found a staircase to the Lair.
 14007 | D:11     | Reached XP level 12. HP: 59/59 MP: 24/30
 14195 | D:11     | Noticed Sonja
 14198 | D:11     | Killed Sonja
 14701 | D:12     | Noticed a death knight
 14707 | D:12     | Reached ***** piety under Vehumet
 14709 | D:12     | Killed a death knight
 14753 | D:12     | HP: 2/59 [ufetubus (2)]
 14982 | D:12     | Offered knowledge of Bolt of Fire by Vehumet.
 14995 | D:12     | Learned a level 6 spell: Bolt of Fire
 15216 | D:11     | Reached skill level 15 in Earth Magic
 15435 | Lair:1   | Entered Level 1 of the Lair of Beasts
 15579 | Lair:1   | Reached skill level 1 in Fighting
 15923 | Lair:1   | Noticed an eight-headed hydra
 15928 | Lair:1   | Killed an eight-headed hydra
 16852 | Lair:2   | Found a snail-covered altar of Cheibriados.
 17131 | Lair:2   | Noticed a four-headed hydra
 17135 | Lair:2   | Killed a four-headed hydra
 17138 | Lair:2   | Noticed Harold
 17145 | Lair:2   | Killed Harold
 17145 | Lair:2   | Reached XP level 13. HP: 55/68 MP: 18/32
 17294 | Lair:2   | Found a staircase to the Snake Pit.
 17698 | Lair:3   | Reached skill level 10 in Conjurations
 17810 | Lair:3   | You fall through a shaft!
 17821 | Lair:4   | Found a staircase to the Swamp.
 17911 | Lair:3   | Reached skill level 16 in Earth Magic
 19896 | Lair:4   | Reached skill level 5 in Fighting
 20036 | Lair:5   | Found a frozen archway.
 20176 | IceCv    | Entered an ice cave
 20988 | IceCv    | Gained mutation: Your large and strong wings let you fly indefinitely. [Gargoyle growth]
 20988 | IceCv    | Reached XP level 14. HP: 54/79 MP: 26/34
 21358 | IceCv    | Offered knowledge of Iron Shot by Vehumet.
 21358 | IceCv    | Reached skill level 17 in Earth Magic
 21585 | IceCv    | Learned a level 6 spell: Iron Shot
 21846 | IceCv    | Noticed a frost giant
 21856 | IceCv    | Killed a frost giant
 23798 | Lair:6   | Entered Level 6 of the Lair of Beasts
 25663 | Lair:6   | Reached skill level 18 in Earth Magic
 26418 | Lair:6   | Reached XP level 15. HP: 80/87 MP: 22/36
 26459 | Lair:6   | Offered knowledge of Irradiate by Vehumet.
 27022 | Lair:6   | Found a staircase to the Slime Pits.
 29279 | D:12     | Found an ornate altar of the Wu Jian Council.
 29899 | D:12     | Found a staircase to the Orcish Mines.
 29929 | D:13     | Noticed Kirke
 29932 | D:13     | Reached skill level 15 in Spellcasting
 29934 | D:13     | Killed Kirke
 30453 | D:13     | Identified the +0 robe of Ebol {rF+ Dex-5 SInv} (You found it on level 13 of the Dungeon)
 30773 | D:13     | Annihilated by an enormous slime creature

Vault maps used:
D:1:      nagdon_arrival_double_spiral, minmay_tetromino_t2
D:2:      minitemple, chequers_ecumenical_altar_simple_redux,
          grunt_ministairs_12, st_stairs_1, nemelex_lonely_heart_becter
D:3:      lemuel_crystal_altar, lemuel_round_altar,
          gammafunk_temple_overflow_arena
D:4:      serial_shops, shop
D:5:      first_ration, minmay_misc_feat_rows
D:6:      cheibrodos_ashenzari_chains, minmay_crystal_room,
          kennysheep_opposing_triangles
D:7:      minmay_temple_entry_enclosed_plants, nicolae_ossuary_entry_plus
D:8:      lemuel_round_altar, lemuel_round_altar, uniq_grum, uniq_erica
D:9:      led_sif_book, serial_shops, nicolae_shop_window_shopping, shop,
          grunt_ogre_cave
D:10:     hangedman_decor_points
D:11:     david_lair_generic, uniq_sonja
D:12:     hiddenorc1_lemuel, basic_altar, serial_ice, serial_ice_n,
          serial_ice_a, serial_ice_c, serial_ice_e
D:13:     corexii_leaking_fountain, uniq_kirke
Lair:1:   minmay_lair_oklob_chamber, grunt_megastairs_4, serial_bayou_shore_b,
          lemuel_fruit_fields
Lair:2:   minmay_snake_entry_guardpost_large, basic_altar, uniq_harold
Lair:3:   grunt_megastairs_2
Lair:4:   swamp_mist
Lair:5:   portal_ice_cave_entry_ice_beasts
Lair:6:   guppyfry_lair_end_dragon, hangedman_lair_caniforms_friends,
          minmay_slime_entry_oklob_open
Ossuary:  ossuary_boxes_badplayer
IceCv:    ice_cave_caverns_01

Skill      XL: |  1  2  3  4  5  6  7  8  9 10 11 12 13 14 15 |
---------------+----------------------------------------------+-----
Earth Magic    | 4 5 6 8 9 11 12 14 15 16 18 | 18.9
Spellcasting   | 3 4 5 7 8 10 11 12 13 14 15 | 15.1
Conjurations   | 2 4 5 7 8 9 10 11 12 | 12.0
Fighting       | 3 5 7 8 |  8.1
Dodging        | |  1.5
Stealth        | |  2.1
Transmutations | |  0.7

Action                   |  1- 3 |  4- 6 |  7- 9 | 10-12 | 13-15 || total
-------------------------+-------+-------+-------+-------+-------++-------
Melee: Dagger            |    81 |   101 |   248 |   218 |   316 ||   964
       Flail             |       |       |       |       |     5 ||     5
 Cast: Sandblast         |    21 |    70 |   103 |   162 |   179 ||   535
       Stone Arrow       |       |    15 |    40 |    88 |    97 ||   240
       Lee's Rapid Decon |       |       |    16 |    71 |   120 ||   207
       Bolt of Magma     |       |       |       |     2 |   113 ||   115
       Iron Shot         |       |       |       |       |    63 ||    63
       Bolt of Fire      |       |       |       |       |    16 ||    16
 Abil: Fly               |       |       |       |       |     2 ||     2
       Stop Flying       |       |       |       |       |     1 ||     1
  Use: Potion            |     4 |     5 |     6 |     1 |     2 ||    18
       Scroll            |     1 |     7 |     4 |    11 |    10 ||    33
 Stab: Sleeping          |     1 |     2 |     6 |       |       ||     9
       Distracted        |       |       |     1 |       |     1 ||     2
  Eat: Chunk             |     3 |    13 |    13 |    35 |    59 ||   123
       Ration            |       |       |     2 |       |     7 ||     9
Armor: Robe              |    19 |    52 |   107 |   118 |   355 ||   651
Dodge: Dodged            |    49 |    84 |   131 |   120 |   349 ||   733

Table legend:
 A = Spawn XP
 B = Non-spawn XP
 C = Spawn XP percentage of total XP
 D = Spawn monster count
 E = Non-spawn monster count
 F = Spawn count percentage of total count
 G = Total turns spent on level
                    A         B        C        D         E        F      G
               +---------+---------+-------+---------+---------+-------+---------
         Total |       0 |  111069 |   0.0 |       0 |     687 |   0.0 | 30773
               +---------+---------+-------+---------+---------+-------+---------
           D:1 |       0 |      32 |   0.0 |       0 |      19 |   0.0 |  1250
           D:2 |       0 |     138 |   0.0 |       0 |      34 |   0.0 |  1898
           D:3 |       0 |     265 |   0.0 |       0 |      41 |   0.0 |  1678
           D:4 |       0 |      49 |   0.0 |       0 |       7 |   0.0 |   662
           D:5 |       0 |     471 |   0.0 |       0 |      23 |   0.0 |   995
           D:6 |       0 |    1100 |   0.0 |       0 |      21 |   0.0 |  1422
           D:7 |       0 |    1310 |   0.0 |       0 |      13 |   0.0 |   928
           D:8 |       0 |    1940 |   0.0 |       0 |      18 |   0.0 |   689
           D:9 |       0 |    3836 |   0.0 |       0 |      27 |   0.0 |  1305
          D:10 |       0 |    2852 |   0.0 |       0 |      30 |   0.0 |  1650
          D:11 |       0 |    8628 |   0.0 |       0 |      52 |   0.0 |  1412
          D:12 |       0 |   14371 |   0.0 |       0 |      75 |   0.0 |  2107
          D:13 |       0 |    5384 |   0.0 |       0 |      15 |   0.0 |   659
        Lair:1 |       0 |    3757 |   0.0 |       0 |      13 |   0.0 |  1144
        Lair:2 |       0 |    5057 |   0.0 |       0 |      18 |   0.0 |  1437
        Lair:3 |       0 |    5849 |   0.0 |       0 |      28 |   0.0 |   748
        Lair:4 |       0 |    7702 |   0.0 |       0 |      26 |   0.0 |  1591
        Lair:5 |       0 |    8345 |   0.0 |       0 |      27 |   0.0 |  1623
        Lair:6 |       0 |   25632 |   0.0 |       0 |     109 |   0.0 |  4459
       Ossuary |       0 |     524 |   0.0 |       0 |      37 |   0.0 |   969
         IceCv |       0 |   13827 |   0.0 |       0 |      54 |   0.0 |  2147
               +---------+---------+-------+---------+---------+-------+---------
